 Dungeon Crawl Stone Soup version 0.26.1-11-gd32895ea62 (webtiles) character file.

Game seed: 11359421430324303609

10983 Destapler the Fighter (level 11, -13/90 HPs)
             Began as a Minotaur Fighter on July 2, 2021.
             Was a High Priest of Cheibriados.
             Killed from afar by a storm dragon (29 damage)
             ... with a bolt of lightning
             ... on level 11 of the Dungeon.
             The game lasted 00:21:05 (9945 turns).

Destapler the Fighter (Minotaur Fighter)            Turns: 9945, Time: 00:21:05

Health: -13/90     AC: 19    Str: 36    XL:     11   Next: 43%
Magic:  13/13      EV:  7    Int: 18    God:    Cheibriados [*****.]
Gold:   779        SH: 16    Dex: 38    Spells: 10/10 levels left

rFire    . . .     SeeInvis +   x - +7 trident of Capital Punishment {distort, +Rage +Fly Dex+2 SInv}
rCold    . . .     Faith    .   c - +0 kite shield
rNeg     . . .     Spirit   .   t - +0 plate armour
rPois    .         Reflect  .   (helmet restricted)
rElec    .         Harm     .   M - +0 cloak
rCorr    .         Rampage  .   n - +0 pair of gloves
Will     .....                  (no boots)
Stlth    ..........             (no amulet)
HPRegen  0.25/turn              D - +6 ring of dexterity
MPRegen  0.13/turn              H - +6 ring of dexterity

@: very slow
A: retaliatory headbutt, hooves 1, horns 2, yellow scales 1, frail 1, mutation
resistance 1
a: Renounce Religion, Evoke Berserk Rage, Evoke Flight, Bend Time, Temporal
Distortion, Slouch, Step From Time


You were on level 11 of the Dungeon.
You worshipped Cheibriados.
Cheibriados was extremely pleased with you.
You visited 2 branches of the dungeon, and saw 12 of its levels.

You collected 779 gold pieces.

Inventory:

Hand Weapons
 f - a +0 hand axe of freezing
 x - the +7 trident of Capital Punishment (weapon) {distort, +Rage +Fly Dex+2 SInv}
   (You found it on level 4 of the Dungeon)

   It warps and distorts space around it.
   Unwielding it can cause banishment or high damage.
   It affects your dexterity (+2).
   It lets you see invisible.
   It lets you fly.
   It lets you go berserk.
 L - the +4 flail of Qazlal's Favour {drain, rF+ rC+, unknown}
   (You found it on level 10 of the Dungeon)

   A truly terrible weapon, it drains the life of those it strikes.
   It protects you from fire.
   It protects you from cold.
Missiles
 a - 7 curare-tipped darts
 h - 12 boomerangs (quivered)
 i - 76 poisoned darts
Armour
 c - a +0 kite shield (worn)
 n - a +0 pair of gloves (worn)
 t - a +0 plate armour (worn)
 C - a +3 leather armour of fire resistance
 M - a +0 cloak (worn)
Jewellery
 D - a +6 ring of dexterity (left hand)
 H - a +6 ring of dexterity (right hand)
 J - an uncursed ring of ice
 N - an uncursed amulet of guardian spirit {unknown}
Wands
 v - a wand of polymorph (17)
 A - a wand of paralysis (8)
 B - a wand of iceblast (4)
 K - a wand of digging (3)
Scrolls
 b - a scroll of fear {unknown}
 k - 3 scrolls of fog {unknown}
 l - 7 scrolls of identify
 o - 4 scrolls of immolation {unknown}
 p - 4 scrolls of enchant weapon {unknown}
 r - 5 scrolls of teleportation {unknown}
 s - a scroll of remove curse {unknown}
 w - 2 scrolls of noise {unknown}
 y - 2 scrolls of blinking {unknown}
 z - 3 scrolls of amnesia {unknown}
 E - 3 scrolls of enchant armour {unknown}
 G - a scroll of summoning {unknown}
Potions
 d - 2 potions of might
 e - a potion of resistance
 g - 3 potions of curing
 j - 4 potions of mutation
 m - a potion of brilliance
 q - a potion of invisibility
 u - 3 potions of lignification {unknown}
 F - a potion of haste
 I - a potion of attraction {unknown}
 O - a potion of degeneration {unknown}


   Skills:
 + Level 10.7 Fighting
 - Level 6.5(8.3) Axes
 + Level 8.1(9.1) Polearms
 + Level 10.6 Armour
 + Level 10.5 Shields
 + Level 4.8 Invocations
 + Level 4.3 Evocations


You had 10 spell levels left.
You didn't know any spells.
Your spell library contained the following spells:

 Spells                   Type           Power        Failure   Level
 Corona                   Hex            0%           90%         1
 Magic Dart               Conj           0%           90%         1
 Blink                    Tloc           N/A          97%         2
 Call Imp                 Summ           0%           97%         2
 Ensorcelled Hibernation  Hex/Ice        0%           97%         2
 Searing Ray              Conj           0%           97%         2
 Slow                     Hex            0%           97%         2
 Confusing Touch          Hex            0%           99%         3
 Conjure Flame            Conj/Fire      0%           99%         3
 Dazzling Flash           Conj/Hex       0%           99%         3
 Mephitic Cloud           Conj/Pois/Air  0%           99%         3
 Tukima's Dance           Hex            0%           99%         3
 Fulminant Prism          Conj/Hex       0%           100%        4
 Iskenderun's Mystic Bla  Conj/Tloc      0%           100%        4


Dungeon Overview and Level Annotations

Branches:
Dungeon (11/15)            Temple (1/1) D:4            Lair (0/6) D:8
    Orc: D:9-12

Altars:
Ashenzari
Cheibriados
Dithmenos
Elyvilon
Fedhas
Gozag
Hepliaklqana
Kikubaaqudgha
Makhleb
Nemelex Xobeh
Okawaru
Qazlal
Ru
Sif Muna
Trog
Uskayaw
Vehumet
Wu Jian
Xom
Yredelemnul
Zin
The Shining One

Shops:
D:5 (

Annotations:
Abyss:1 Joseph


Innate Abilities, Weirdness & Mutations

You reflexively headbutt those who attack you in melee.
You have a pair of horns on your head.
You have large cloven feet.
You are partially covered in yellow scales. (AC +2)
You are frail. (-10% HP)
You are somewhat resistant to further mutation.


Message History

You puncture the storm dragon!
Space warps horribly around the storm dragon!
You kick the storm dragon! Your headbutt misses the storm dragon.
The storm dragon is heavily wounded.
The storm dragon bites you!
* * * LOW HITPOINT WARNING * * *
The storm dragon claws you but does no damage.
You block the storm dragon's attack.
You puncture the storm dragon!
Space bends around the storm dragon.
You kick the storm dragon, but do no damage.
Your headbutt misses the storm dragon.
The storm dragon is heavily wounded.
You block the storm dragon's attack. The storm dragon claws you.
* * * LOW HITPOINT WARNING * * *
The storm dragon tramples you but does no damage.
You closely miss the storm dragon. Your kick misses the storm dragon.
The storm dragon is heavily wounded.
The storm dragon breathes lightning at you.
The bolt of lightning hits you!!
You die...

....# ....# ### ###
#+ ....##.. ..## #.#
....#..#####..# #.#
##..#.##...##†##.# ##
.#..#.#.....#.#.# )##
.#..'.......#.'.# #|.
.+..#.#.....#.#.## [}
.+..#.##...##.##@##C#
.##.#..#####..###D#.#
.#..##.......## ##C#
##..#####+#### ##Y#
....# #..... # ...
....# ##...# .# ...#
...[###...###.# ..#..
....#......#..#
.#...#
#...'.........+
#....+


You could see a storm dragon (catching breath), a fire giant and a yak.

Vanquished Creatures
  A fire giant (D:11)
  A manticore (D:11)
  A cyclops (D:11)
  A troll (D:10)
  Prince Ribbit (D:7)
  A hornet (D:8)
  8 yaks
  5 water moccasins
  An acid dragon (D:11)
  4 orc warriors
  2 sky beasts
  An ice beast (D:7)
  6 ogres
  A necrophage (D:5)
  2 phantoms
  4 centaurs
  2 big kobolds
  8 bullfrogs
  A water moccasin zombie (D:9)
  A wyvern skeleton (D:9)
  6 killer bees (D:10)
  17 wights
  2 electric eels (D:9)
  5 howler monkeys
  2 centaur skeletons
  3 jellies
  4 orc priests
  6 hounds
  A bullfrog skeleton (D:7)
  2 iguanas
  5 orc wizards
  8 worker ants
  2 hound zombies
  7 gnolls
  8 adders
  4 shadow imps
  4 white imps
  3 ufetubi
  3 oozes
  An adder skeleton (D:9)
  An adder zombie (D:9)
  8 worms
  3 dart slugs
  5 leopard geckos
  41 orcs
  8 bats
  6 giant cockroaches
  9 goblins
  10 hobgoblins
  10 jackals
  24 kobolds
  5 quokkas
  A ball python (D:4)
  5 frilled lizards
  A jackal skeleton (D:5)
  A leopard gecko skeleton (D:8)
  9 rats
292 creatures vanquished.

Vanquished Creatures (others)
  A swamp dragon (D:11)
  A human (D:5)
  31 fungi (D:8)
  45 plants (D:8)
78 creatures vanquished.

Grand Total: 370 creatures vanquished

Notes
Turn   | Place    | Note
-------+----------+-------------------------------------------
     0 | D:1      | Destapler the Minotaur Fighter began the quest for the Orb.
     0 | D:1      | Reached XP level 1. HP: 19/19 MP: 0/0
   201 | D:1      | Reached XP level 2. HP: 27/27 MP: 1/1
   591 | D:1      | Reached XP level 3. HP: 33/33 MP: 2/2
  1221 | D:2      | Reached XP level 4. HP: 41/41 MP: 3/3
  1457 | D:2      | Reached XP level 5. HP: 36/47 MP: 4/4
  1598 | D:2      | Found a broken altar of Ashenzari.
  1602 | D:2      | Saw a vision of the Shoals and the Spider Nest.
  1602 | D:2      | Noticed a wolf spider
  1602 | D:2      | Noticed a redback
  1602 | D:2      | Noticed a sea snake
  1602 | D:2      | Noticed a wind drake
  1602 | D:2      | Noticed a wolf spider
  1602 | D:2      | Noticed a sea snake
  1602 | D:2      | Noticed a wolf spider
  1603 | D:2      | Noticed a sea snake
  1603 | D:2      | Noticed a redback
  1603 | D:2      | Noticed a wolf spider
  1604 | D:2      | Noticed a merfolk
  2154 | D:4      | Noticed an ogre
  2160 | D:4      | Killed an ogre
  2161 | D:4      | Reached skill level 5 in Fighting
  2161 | D:4      | Reached skill level 5 in Armour
  2161 | D:4      | Reached skill level 5 in Shields
  2161 | D:4      | Reached XP level 6. HP: 50/56 MP: 5/5
  2547 | D:4      | Got a smoking trident
  2583 | D:4      | Found a staircase to the Ecumenical Temple.
  2592 | Temple   | Entered the Ecumenical Temple
  2689 | Temple   | Became a worshipper of Cheibriados the Contemplative
  2867 | D:4      | Found a hazy altar of Hepliaklqana.
  2867 | D:4      | Found an iron altar of Okawaru.
  2873 | D:4      | Found a glowing golden altar of the Shining One.
  2875 | D:4      | Found a radiant altar of Vehumet.
  2881 | D:4      | Reached skill level 5 in Axes
  2881 | D:4      | Reached XP level 7. HP: 56/62 MP: 6/6
  2909 | D:4      | Found an ornate altar of the Wu Jian Council.
  3054 | D:5      | Entered Level 5 of the Dungeon
  3149 | D:5      | Reached * piety under Cheibriados
  3488 | D:5      | Found an ancient bone altar of Kikubaaqudgha.
  3490 | D:5      | Noticed a human
  3491 | D:5      | Found Cukkib's Antique Weapon Shoppe.
  3492 | D:5      | Killed a human
  3787 | D:5      | Reached XP level 8. HP: 63/71 MP: 7/7
  4012 | D:6      | Identified the +7 trident of Capital Punishment {distort,
                  | +Rage +Fly Dex+2 SInv} (You found it on level 4 of the
                  | Dungeon)
  4381 | D:6      | Reached ** piety under Cheibriados
  4402 | D:6      | Reached skill level 1 in Polearms
  4532 | D:6      | Reached XP level 9. HP: 81/81 MP: 8/8
  4862 | D:6      | Got a masterwork leather armour
  4883 | D:6      | Identified the +2 leather armour of the World {rN+ Dex+2}
                  | (You found it on level 6 of the Dungeon)
  4887 | D:6      | Gained mutation: You are partially covered in yellow
                  | scales. (AC +2) [potion of mutation]
  4887 | D:6      | Gained mutation: You are frail. (-10% HP) [potion of
                  | mutation]
  4887 | D:6      | Gained mutation: You have large cloven feet. [potion of
                  | mutation]
  4887 | D:6      | Gained mutation: You are somewhat resistant to further
                  | mutation. [potion of mutation]
  5095 | D:7      | Found an opulent altar of Gozag.
  5103 | D:7      | Noticed Prince Ribbit
  5114 | D:7      | Killed Prince Ribbit
  5593 | D:7      | Reached *** piety under Cheibriados
  5665 | D:7      | Reached skill level 5 in Polearms
  5899 | D:8      | Noticed Joseph
  6024 | D:8      | Banished Joseph
  6025 | D:8      | Reached skill level 1 in Invocations
  6025 | D:8      | Reached skill level 1 in Evocations
  6063 | D:8      | Found a staircase to the Lair.
  6069 | D:8      | Reached XP level 10. HP: 81/81 MP: 10/10
  6183 | D:8      | Reached **** piety under Cheibriados
  7751 | D:9      | Reached ***** piety under Cheibriados
  8203 | D:10     | Entered Level 10 of the Dungeon
  8284 | D:10     | Reached skill level 10 in Fighting
  8286 | D:10     | Reached skill level 10 in Armour
  8292 | D:10     | Reached skill level 10 in Shields
  8478 | D:10     | Got an ivory flail
  8878 | D:10     | Reached XP level 11. HP: 90/90 MP: 11/13
  9292 | D:11     | Noticed a fire giant
  9300 | D:11     | Killed a fire giant
  9501 | D:11     | Noticed a swamp dragon
  9512 | D:11     | HP: 4/90 [swamp dragon/blast of poison (4)]
  9515 | D:11     | Killed a swamp dragon
  9934 | D:11     | Noticed a fire giant
  9934 | D:11     | Noticed a storm dragon
  9945 | D:11     | Killed from afar by a storm dragon

Illustrated notes

Levels and vault maps discovered:
D:1:      saegor_arrival_simple_b, layout_loops_cross, roderic_lattice_a
D:2:      layout_basic, grunt_ashenzari_visionary
          [grunt_ashenzari_visionary_shoals, grunt_ashenzari_visionary_spider]
D:3:      layout_basic
D:4:      layout_cave_pools, chequers_temple_overflow_minitemple,
          minmay_temple_entry_glassed_door
D:5:      layout_loops_ring, serial_shops, shop, tgw_kikubaaqudgha
D:6:      layout_gridville, kennysheep_generic_room_5
D:7:      layout_loops_ring, nicolae_gozag_seed_capital, nicolae_sextant,
          uniq_prince_ribbit1
D:8:      layout_cave_pods, due_lair_maze_entry_diamond, uniq_joseph
D:9:      layout_irregular_city, kennysheep_cluttered_room
D:10:     layout_gridville
D:11:     minmay_the_grid_3x3 [minmay_the_grid_small_cups, minmay_the_grid_x,
          minmay_the_grid_eight, minmay_the_grid_armoury,
          minmay_the_grid_dragon_b, minmay_the_grid_aliased_spiral,
          minmay_the_grid_minigrid_medium, minmay_the_grid_minigrid_large,
          minmay_the_grid_prize_diamond_cup], layout_cave_pools,
          kennysheep_generic_room_12
Temple:   eino_temple_scatter_basement

Skill      XL: |  1  2  3  4  5  6  7  8  9 10 11 |
---------------+----------------------------------+-----
Fighting       | 4 5 6 7 9 10 | 10.7
Armour         | 4 5 6 7 9 10 | 10.6
Shields        | 4 5 6 7 9 10 | 10.5
Axes           | 3 4 5 6 |  6.5
Polearms       | 3 5 7 8 |  8.1
Invocations    | 1 4 |  4.8
Evocations     | 1 3 4 |  4.3

Action                   |  1- 3 |  4- 6 |  7- 9 | 10-12 || total
-------------------------+-------+-------+-------+-------++-------
Melee: War axe           |    23 |       |       |       ||    23
       Hand axe          |    61 |   153 |   100 |       ||   314
       Headbutt          |     6 |    23 |    53 |    40 ||   122
       Trident           |       |       |   136 |   236 ||   372
       Kick              |       |       |    16 |    85 ||   101
Throw: Boomerang         |       |       |     4 |       ||     4
       Dart              |       |       |     1 |       ||     1
  Use: Scroll            |       |       |     3 |       ||     3
       Potion            |       |       |     1 |     6 ||     7
Armor: Scale mail        |    35 |    43 |       |       ||    78
       Plate armour      |       |    27 |    83 |    70 ||   180
Dodge: Dodged            |    28 |    31 |    35 |    45 ||   139
Block: Kite shield       |    36 |    63 |   116 |   138 ||   353
